 Dungeon Crawl Stone Soup version 0.19-a0-1852-gc11d922 (webtiles) character file.

86 Patate the Sneak (level 4, -5/34 HPs)
             Began as a Vampire Assassin on Oct 11, 2016.
             Killed from afar by an orc wizard (9 damage)
             ... with a magic dart
             ... on level 4 of the Dungeon.
             The game lasted 00:08:08 (2495 turns).

Patate the Sneak (Vampire Assassin)                 Turns: 2495, Time: 00:08:09

Health: -5/34      AC:  0    Str: 10    XL:     4   Next: 26%
Magic:  4/4        EV: 19    Int: 13    God:
Gold:   127        SH:  0    Dex: 21    Spells: 0 memorised, 3 levels left

rFire  . . .     SeeInvis +     (weapon currently unavailable)
rCold  + . .     Gourm    .     (armour currently unavailable)
rNeg   + + .     Faith    .     (shield currently unavailable)
rPois  +         Spirit   .     (helmet currently unavailable)
rElec  .         Dismiss  .     (cloak currently unavailable)
rCorr  .         Reflect  .     (gloves currently unavailable)
MR     .....     Harm     .     (boots currently unavailable)
Stlth  ++++++....               (no amulet)
                                (ring currently unavailable)
                                (ring currently unavailable)

@: about to teleport, bat-form, flying, regenerating slowly, very quick
A: fangs 3, see invisible, (unbreathing)
a: End Transformation


You were on level 4 of the Dungeon.
You were very thirsty.
You were in vampire-bat-form.
You visited 1 branch of the dungeon, and saw 4 of its levels.

You collected 127 gold pieces.

Inventory:

Hand Weapons
 a - a +2 dagger (melded)
 b - a +0 blowgun
Missiles
 e - 40 poisoned needles
 f - 2 curare-tipped needles
Armour
 c - a +1 robe (melded)
 d - a +0 cloak (melded)
Scrolls
 j - 3 scrolls of remove curse {unknown}
 k - 2 scrolls of recharging {unknown}
 q - 3 scrolls of amnesia {unknown}
 s - a scroll of random uselessness {unknown}
 t - a scroll of identify {unknown}
Potions
 g - 5 potions of blood
 h - a potion of ambrosia {unknown}
 i - a potion of magic {unknown}
 l - a potion of lignification {unknown}
 n - 2 potions of agility {unknown}
 o - 2 potions of might {unknown}
 p - a potion of curing {unknown}


   Skills:
 + Level 2.7 Fighting
 * Level 4.0 Short Blades
 - Level 1.5 Throwing
 - Level 1.1 Dodging
 + Level 6.3 Stealth


You had 3 spell levels left.
You didn't know any spells.

Dungeon Overview and Level Annotations

Branches:
Dungeon (3/15)

Altars:

Annotations:
D:2 Sigmund


Innate Abilities, Weirdness & Mutations

You heal slowly.
You have razor-sharp teeth.
You have supernaturally acute eyesight. (SInv)
((You can survive without breathing.))


Message History

As you read the scroll labeled ZUYHAATROV, it crumbles to dust.
It is a scroll of enchant armour.
Your +0 robe glows green for a moment.
The orc wizard barely misses you.
As you read the scroll labeled NOTOMO BYLALYA, it crumbles to dust.
You feel strangely unstable.
It was a scroll of teleportation.
The orc hits you from afar with a trident.
* * * LOW HITPOINT WARNING * * *
The ogre misses you. The orc wizard misses you.
You hit the orc wizard but do no damage.
The orc wizard is heavily wounded.
The orc completely misses you. The orc wizard closely misses you.
You barely miss the orc wizard.
The orc wizard is heavily wounded.
The ogre completely misses you.
You completely miss the orc wizard.
The orc wizard is heavily wounded.
The orc misses you.
The orc wizard points at you and mumbles some strange words.
The magic dart hits you!
You die...

# #.######### #.obOsl...#
#o#######.# #.# #.# #####.#
#.# ####### #.....# #.#
......# #.....# #.# ......#
#.....# #O# #
.....o####.....#######.#..###
.....a....l....s..O.........#


You could see an ogre, an orc wizard, an orc, a leopard gecko and a giant
cockroach.

Vanquished Creatures
  Terence (D:2)
  3 adders (D:2)
  A worm (D:2)
  A leopard gecko (D:2)
  3 giant cockroaches
  4 goblins (D:1)
  2 hobgoblins
  6 bats
  6 kobolds
  6 rats
33 creatures vanquished.

Notes
Turn   | Place    | Note
-------+----------+-------------------------------------------
     0 | D:1      | Patate the Vampire Assassin began the quest for the Orb.
     0 | D:1      | Reached XP level 1. HP: 16/16 MP: 1/1
   109 | D:1      | Reached XP level 2. HP: 11/22 MP: 2/2
   434 | D:1      | Reached skill level 6 in Stealth
  1000 | D:2      | Reached XP level 3. HP: 17/27 MP: 3/3
  1294 | D:2      | Noticed Terence
  1300 | D:2      | Killed Terence
  1348 | D:2      | Reached XP level 4. HP: 24/34 MP: 4/4
  2195 | D:2      | Noticed Sigmund
  2362 | D:3      | You fall through a shaft!
  2451 | D:4      | Noticed an ogre
  2495 | D:4      | Killed from afar by an orc wizard

Vault maps used:
D:1:      dpeg_arrival_short_road, nrook_loot_triangle
D:2:      kennysheep_generic_room_5, uniq_sigmund, uniq_terence
D:3:      bloody_makhleb, st_stairs_11
D:4:      nemelex_altar_shiori, first_bread, portal_sewer_entry_d,
          solitary_fountain

Skill      XL: |  1  2  3  4 |
---------------+-------------+-----
Fighting       | 2 |  2.7
Stealth        | 6 |  6.3
Short Blades   | 3 4 |  4.0
Throwing       | |  1.5
Dodging        | |  1.1

Action                   |  1- 3 |  4- 6 || total
-------------------------+-------+-------++-------
Melee: Dagger            |    69 |    45 ||   114
       Bite              |     6 |     9 ||    15
       Unarmed           |       |    16 ||    16
 Fire: Blowgun           |     1 |     3 ||     4
 Abil: Bat Form          |     1 |     1 ||     2
       End Transformatio |     1 |       ||     1
  Use: Potion            |     1 |     2 ||     3
       Scroll            |       |     2 ||     2
 Stab: Sleeping          |     5 |       ||     5
       Distracted        |     1 |       ||     1
Armor: Robe              |    20 |     8 ||    28
Dodge: Dodged            |    43 |    49 ||    92
